Map: [ESL] Ancient Cistern

Players

Dark

  • Race: Zerg Zerg

RagnaroK (SHIN) - Winner!

  • Race: Zerg Zerg

Event: IEM Katowice 2023

VOD

Have the link to the VOD?

Description

Time

  • Played on: Feb. 10, 2023, 7:44 a.m.
  • Length: 3:39

All games in this series

Show
View Real Time Build Order
Export as new Build Order

Dark Zerg 

Build Orders: Pool Only 

Get SALT Encoding   

  12  0:18  Spawning Pool  
  11  0:22  Drone  
  11  0:26  Drone  
  13  0:31  Drone  
  14  0:39  Overlord  
  14  1:05  Zergling x6  
  17  1:16  Zergling x2  
  18  1:27  Zergling x2  
  19  1:38  Zergling x2  
  20  1:51  Zergling x2  
  21  2:00  Spine Crawler x2  
  21  2:01  Spine Crawler  
  18  2:20  Zergling x2  
  8  2:41  Spine Crawler  
  6  2:59  Zergling x2  
  7  3:18  Drone  
Show
View Real Time Build Order
Export as new Build Order

RagnaroK Zerg - Winner!

Build Orders: Pool First 

Get SALT Encoding   

  12  0:00  Drone  
  13  0:08  Drone  
  14  0:16  Overlord  
  14  0:32  Spawning Pool  
  14  0:35  Drone  
  14  0:39  Drone  
  15  0:43  Drone  
  15  0:46  Drone  
  17  1:08  Hatchery  
  16  1:18  Zergling x2  
  16  1:19  Zergling x4  
  19  1:26  Queen  
  19  1:30  Drone  
  22  1:40  Overlord  
  22  1:45  Extractor  
  21  1:51  Drone  
  22  2:02  Spine Crawler x2  
  22  2:04  Zergling x2  
  22  2:08  Spine Crawler  
  21  2:12  Zergling x2  
  22  2:21  Zergling x2  
  23  2:24  Zergling x2  
  17  2:43  Zergling x2  
  17  2:48  Zergling x2  
  13  3:07  Zergling x2  
  13  3:14  Zergling x2  
  13  3:19  Zergling x2  

Tags
 
Add a new tag
Caveats
  • Supply blocks, unpowered buildings, or Contaminate may cause inaccurate times.
  • Supply counts are checked every 10 seconds.